 Dungeon Crawl Stone Soup version 0.31.0-9-g3a7656b989 (webtiles) character file.

Game seed: 7566731371614927592

30 EnegeticOcto the Ruffian (level 3, -2/36 HPs)
             Began as a Troll Monk on Feb 4, 2024.
             Killed by nerve-wracking pain
             ... invoked by Menkaure
              (13 damage)
             ... on level 6 of the Dungeon.
             The game lasted 00:02:16 (364 turns).

EnegeticOcto the Ruffian (Troll Monk)                Turns: 364, Time: 00:02:17

Health: -2/36      AC:  4    Str: 21    XL:     3   Next: 3%
Magic:  2/2        EV: 10    Int:  6    God:
Gold:   13         SH:  0    Dex: 12    Spells: 2/2 levels left

rFire   . .          .
                       - Unarmed
rCold   . . .        c - orb {light}
rNeg    . . .        a - +0 robe
rPois   .            (helmet restricted)
rElec   .            (no cloak)
rCorr   .            (gloves unavailable)
SInv    .            (boots unavailable)
Will    .....        (no amulet)
Stlth   +            (no ring)
HPRegen 1.06/turn    (no ring)
MPRegen 0.08/turn

%: no passive effects
@: glowing
A: large, unfitting armour, claws 3, regeneration 1, shaggy fur 1, tough skin 1
a: no special abilities


You were on level 6 of the Dungeon.
You visited 1 branch of the dungeon, and saw 6 of its levels.

You collected 13 gold pieces.

Inventory:

Armour
 a - a +0 robe (worn)
 c - an orb of light (worn)
Scrolls
 d - a scroll of summoning {unknown}
 g - a scroll of identify {unknown}
 i - a scroll of torment {unknown}
Potions
 b - a potion of ambrosia
 e - 2 potions of magic {unknown}
 f - a potion of lignification {unknown}
 h - a potion of might {unknown}


   Skills:
 - Level 2.4 Fighting
 - Level 2.4 Dodging
 + Level 4.2 Unarmed Combat


You had 2 spell levels left.
You didn't know any spells.
Your spell library contained the following spells:

 Spells                   Type           Power      Damage    Failure   Level
 Sandblast                Erth           0%         2d4       45%         1
 Passwall                 Erth           0%         N/A       83%         3
 Stone Arrow              Conj/Erth      0%         3d7       83%         3
 Brom's Barrelling Bould  Conj/Erth      0%         2d3       99%         4


Dungeon Overview and Level Annotations

Branches:
Dungeon (6/15) Zot: 26974
 Temple: D:4-7

Altars:

Shops:
D:2 !*

Annotations:
D:6 Menkaure


Innate Abilities, Weirdness & Mutations

You are too large for most types of armour.
You have claws for hands.
Your natural rate of healing is unusually fast.
You are covered in fur. (AC +1)
You have tough skin. (AC +1)


Message History

A ball python comes into view.
The ball python hisses angrily.
A bat comes into view.
The bat moves out of view.
You completely miss the ball python.
The ball python bites you but does no damage.
You claw the ball python!
You kill the ball python!
The bat closely misses you.
You claw the bat!
You kill the bat!
You see here a bat corpse.
An endoplasm comes into view.
The endoplasm quivers.
You scratch the endoplasm but do no damage.
The endoplasm hits you.
You claw the endoplasm!
You kill the endoplasm!
No target in view!
A goblin comes into view. It is wielding a +0 dagger.
The goblin shouts!
A bat comes into view.
The goblin unwields a +0 dagger.
The goblin wields a +0 sling.
The goblin shoots a sling bullet.
The sling bullet hits you.
The goblin shoots a sling bullet.
The sling bullet hits you but does no damage.
The goblin unwields a +0 sling.
The goblin wields a +0 dagger.
The goblin hits you but does no damage.
You barely miss the goblin. The goblin hits you with a +0 dagger.
You scratch the goblin.
You kill the goblin!
The bat hits you but does no damage. x2
Your Unarmed Combat skill increases to level 4!
You scratch the bat.
The bat is moderately wounded.
The bat hits you.
You claw the bat!
You kill the bat!
No target in view!
Found 9 gold pieces.
Found a stone staircase leading down.
Found a scroll labelled PIEG BI EVEUM.
There is a stone staircase leading down here.
d - a scroll labelled PIEG BI EVEUM
There is a stone staircase leading down here.
You climb downwards.
There is a stone staircase leading up here.
Found a stone staircase leading down.
There is a stone staircase leading down here.
You climb downwards.
Found a stone staircase leading down.
There is a stone staircase leading up here.
Found a scroll labelled QEFADI YDATUIPP, a murky coppery potion and a whip.
g - a scroll labelled QEFADI YDATUIPP
Found an escape hatch in the ceiling.
h - a murky coppery potion
There is a stone staircase leading down here.
You can't go up here!
You climb downwards.
Found a scroll labelled DAWOKUA NILECANU.
There is a stone staircase leading up here.
The shadow imp hits you.
You scratch the shadow imp.
The shadow imp is lightly wounded.
You scratch the shadow imp but do no damage.
The shadow imp is lightly wounded.
The shadow imp hits you but does no damage.
You scratch the shadow imp.
The shadow imp is moderately wounded.
The shadow imp closely misses you.
You claw the shadow imp!
You kill the shadow imp!
You have reached level 3!
Your experience leads to an increase in your attributes!
Increase (s)trength, (i)ntelligence, or (d)exterity?
You feel stronger. x3
i - a scroll labelled DAWOKUA NILECANU Menkaure, Prince of Dust comes into view.
Found a scroll labelled QEFADI YDATUIPP.
Menkaure calls on the powers of darkness!
Your body is wracked with pain!
Found a shiny silver wand.
You scratch Menkaure but do no damage. Menkaure barely misses you.
You scratch Menkaure.
Menkaure is lightly damaged.
Menkaure hits you!
You scratch Menkaure.
Menkaure is moderately damaged.
You scratch Menkaure.
Menkaure is moderately damaged.
Menkaure hits you.
You completely miss Menkaure.
Menkaure is moderately damaged.
Menkaure calls on the powers of darkness!
Your body is wracked with pain!
* * * LOW HITPOINT WARNING * * *
You scratch Menkaure.
Menkaure is heavily damaged.
Menkaure gestures at you while chanting.
Pain shoots through your body!
You die...

##.#...######
...?....... .#.......
....../ ..... .# .#.
... ##.### ....#
#.#########.....#
#...##.#.....#<......#
#.M@...............#
###................#
#..................#
#..##...............#
#.# #...............#
#. #...............# #
##.............##
##.....#.....##
#############


You could see Menkaure.

Vanquished Creatures
  A shadow imp (D:6)
  3 bats
  4 endoplasms
  A giant cockroach (D:2)
  A hobgoblin (D:2)
  3 quokkas
  2 ball pythons
  2 frilled lizards
  2 goblins
  A rat (D:2)
20 creatures vanquished.

Notes
Turn   | Place    | Note
-------+----------+-------------------------------------------
     0 | D:1      | EnegeticOcto the Troll Monk began the quest for the Orb.
     0 | D:1      | Reached XP level 1. HP: 22/22 MP: 0/0
    96 | D:2      | Found Ganoonleseb's Assorted Antiques.
   130 | D:2      | Reached XP level 2. HP: 29/29 MP: 1/1
   176 | D:2      | Found Yneriqom's Distillery.
   257 | D:3      | Reached skill level 4 in Unarmed Combat
   325 | D:5      | Entered Level 5 of the Dungeon
   347 | D:6      | Reached XP level 3. HP: 36/36 MP: 2/2
   354 | D:6      | Noticed Menkaure
   364 | D:6      | Killed from afar by Menkaure

Illustrated notes

Levels and vault maps discovered:
D:1:      scummos_arrival_checkerplants, layout_basic, serial_forest,
          infiniplex_forest_clump_large, infiniplex_forest_straight_5,
          infiniplex_forest_straight_1, infiniplex_forest_corner_2
D:2:      layout_basic, serial_shops, shop, shop, shop, shop,
          nicolae_shop_tiny_glass, minmay_pentomino_p2
D:3:      layout_basic, mainiacjoe_overflow_paths, corexii_corridor_pit,
          minmay_misc_feat_chi
D:4:      layout_loops_ring, grunt_temple_overflow_open,
          nicolae_hepliaklqana_hazy_memory
D:5:      layout_rooms, uniq_duvessa
D:6:      layout_rooms, nemelex_diamond_rough_becter, serial_shops,
          nicolae_shop_statue_plus, gammafunk_ghost_split, uniq_menkaure

Skill      XL: |  1  2 |
---------------+-------+-----
Unarmed Combat | 4 |  4.2
Fighting       | |  2.4
Dodging        | |  2.4

Action                     || total
---------------------------++-------
  Melee: Unarmed           ||    43
    Use: Scroll            ||     2
 Armour: Robe              ||    23
  Dodge: Dodged            ||    12

Table legend:
 A = Kills in this place as a percentage of kills in the entire game.
 B = Kills by you in this place as a percentage of kills by you in the entire game.
 C = Kills by friends in this place as a percentage of kills by friends in the entire game.
 D = Other kills in this place as a percentage of other kills in the entire game.
 E = Experience gained in this place as a percentage of experience gained in the entire game.
 F = Experience gained in this place divided by the number of levels of this place that you have seen.
                   A       B       C       D       E      F
               +-------+-------+-------+-------+-------+----------------------
         Total | 100.0 | 100.0 |   N/A |   N/A | 100.0 |   7.2
       Dungeon | 100.0 | 100.0 |   N/A |   N/A | 100.0 |   7.2
               +-------+-------+-------+-------+-------+----------------------

Table legend: (Time is in decaauts)
 A = Elapsed time spent in this place.
 B = Non-inter-level travel time spent in this place.
 C = Inter-level travel time spent in this place.
 D = Time resting spent in this place.
 E = Time spent auto-exploring this place.
 F = Levels seen in this place.
 G = Mean time per level.
                   A        B        C        D        E       F      G
               +--------+--------+--------+--------+--------+-----+--------+
         Total |    360 |    360 |      0 |      0 |      0 |   6 |   60.0 |
       Dungeon |    360 |    360 |      0 |      0 |      0 |   6 |   60.0 |
               +--------+--------+--------+--------+--------+-----+--------+

Top non-repeatable levels by time:
     D:2: 114 daAuts
     D:1: 88 daAuts
     D:3: 76 daAuts
     D:4: 43 daAuts
     D:6: 25 daAuts
     D:5: 12 daAuts
